 Dungeon Crawl Stone Soup version 0.25-a0-10-g2fe12d4386 (webtiles) character file.

Game seed: 5094531762459754942, levelgen mode: deterministic

73 Kohma the Sneak (level 4, 0/21 HPs)
             Began as a Spriggan Enchanter on Oct 15, 2019.
             Slain by a gnoll
             ... wielding a +0 spear
              (8 damage)
             ... on level 2 of the Dungeon.
             The game lasted 00:05:19 (1539 turns).

Kohma the Sneak (Spriggan Enchanter)                Turns: 1539, Time: 00:05:20

Health: 0/21       AC:  2    Str:  4    XL:     4   Next: 8%
Magic:  9/9        EV: 18    Int: 17    God:
Gold:   73         SH:  0    Dex: 16    Spells: 5/8 levels left

rFire    . . .     SeeInvis +   a - +1 dagger
rCold    . . .     Gourm    .   (shield restricted)
rNeg     . . .     Faith    .   b - +0 robe
rPois    .         Spirit   .   (helmet restricted)
rElec    .         Reflect  .   (no cloak)
rCorr    .         Harm     .   (gloves unavailable)
MR       .....                  (boots unavailable)
Stlth    +++.......             (no amulet)
HPRegen  0.07/turn              (no ring)
MPRegen  0.11/turn              (no ring)

@: very quick
A: very small, unfitting armour, see invisible, herbivore, speed 3, slow
metabolism 2
a: no special abilities


You were on level 2 of the Dungeon.
You were not hungry.

You visited 1 branch of the dungeon, and saw 2 of its levels.

You collected 73 gold pieces.

Inventory:

Hand Weapons
 a - a +1 dagger (weapon)
Missiles
 c - 18 poisoned darts (quivered)
Armour
 b - a +0 robe (worn)
Jewellery
 i - an uncursed ring of see invisible {unknown}
 j - a cursed ring of protection from fire {unknown}
Scrolls
 e - a scroll of teleportation {unknown}
 l - a scroll of identify {unknown}
Potions
 f - a potion of magic {unknown}
 g - a potion of mutation {unknown}
 h - a potion of haste {unknown}
 k - a potion of heal wounds {unknown}
Comestibles
 d - a ration


   Skills:
 + Level 3.1 Short Blades
 - Level 3.0 Dodging
 + Level 6.2 Stealth
 - Level 2.6 Spellcasting
 - Level 3.6 Hexes


You had 5 spell levels left.
You knew the following spells:

 Your Spells              Type           Power        Failure   Level  Hunger
a - Corona                Hex            ##.....      4%          1    #......
b - Ensorcelled Hibernat  Hex/Ice        #.....       13%         2    ##.....

Your spell library contained the following spells:

 Spells                   Type           Power        Failure   Level  Hunger
 Confuse                  Hex            ##......     12%         3    ###....
 Tukima's Dance           Hex            ##......     12%         3    ###....
 Dazzling Spray           Conj/Hex       #.....       26%         3    ###....


Dungeon Overview and Level Annotations

Branches:
Dungeon (2/15)

Altars:


Innate Abilities, Weirdness & Mutations

You are very small and have problems with some larger weapons.
You are too small for most types of armour.
You have supernaturally acute eyesight. (SInv)
You are a herbivore.
You cover ground extremely quickly.
You need to consume almost no food.


Message History

You throw a poisoned dart.
The poisoned dart closely misses the gnoll.
Throwing (i - inventory)
c - 20 poisoned darts (quivered)
Press: ? - help, Shift-Dir - straight line, f/p - gnoll
Aim: a gnoll, wielding a +0 spear (poisoned)
You throw a poisoned dart. The poisoned dart hits the gnoll.
The gnoll looks even sicker.
The gnoll closely misses you.
The gnoll hits you from afar with a +0 spear.
The gnoll hits you with a +0 spear.
Throwing (i - inventory)
c - 19 poisoned darts (quivered)
Press: ? - help, Shift-Dir - straight line, f/p - gnoll
Aim: a gnoll, wielding a +0 spear (moderately wounded, poisoned)
You throw a poisoned dart.
The poisoned dart closely misses the gnoll.
The gnoll hits you from afar with a +0 spear.
The gnoll completely misses you. The gnoll completely misses you.
You see here a poisoned dart.
The gnoll hits you from afar with a +0 spear!
You die...

########## #........#
#........# #(.......#
#...)....# #..(..(..#
#<.(.((.@##
#....(.g..############
#......g((.......((..#
#........########......#
#........# #.###....
####.##### #.# .#. #.#
... # #.# ##.. #.# ....


You could see 2 gnolls.

Vanquished Creatures
  3 gnolls
  3 dart slugs
  A leopard gecko (D:1)
  6 bats
  2 giant cockroaches (D:1)
  8 goblins
  6 hobgoblins
  2 jackals (D:1)
  2 frilled lizards (D:1)
  A kobold (D:1)
  2 rats (D:1)
36 creatures vanquished.

Notes
Turn   | Place    | Note
-------+----------+-------------------------------------------
     0 | D:1      | Kohma the Spriggan Enchanter began the quest for the Orb.
     0 | D:1      | Reached XP level 1. HP: 9/9 MP: 5/5
    95 | D:1      | Reached skill level 5 in Stealth
    95 | D:1      | Reached XP level 2. HP: 13/13 MP: 6/6
   409 | D:1      | Learned a level 2 spell: Ensorcelled Hibernation
   475 | D:1      | Reached XP level 3. HP: 16/16 MP: 8/8
  1337 | D:2      | Reached skill level 6 in Stealth
  1373 | D:1      | Reached XP level 4. HP: 10/21 MP: 0/9
  1539 | D:2      | Slain by a gnoll

Levels and vault maps discovered:
D:1:      lightli_arrival_windingriver, layout_basic
D:2:      layout_rooms, nemelex_altar_shiori, lemuel_crystal_altar,
          first_ration, uniq_natasha, uniq_sigmund

Skill      XL: |  1  2  3 |
---------------+----------+-----
Stealth        | 5 6 |  6.2
Short Blades   | 2 3 |  3.1
Dodging        | |  3.0
Spellcasting   | |  2.6
Hexes          | |  3.6

Action                   |  1- 3 |  4- 6 || total
-------------------------+-------+-------++-------
Melee: Dagger            |   125 |       ||   125
Throw: Dart              |    70 |     5 ||    75
 Cast: Ensorcelled Hiber |     5 |       ||     5
 Stab: Sleeping          |    10 |       ||    10
Armor: Robe              |    16 |       ||    16
Dodge: Dodged            |   114 |     3 ||   117

Table legend:
 A = Non-vault XP
 B = Vault XP
 C = Vault XP percentage of total XP
 D = Non-vault monster count
 E = Vault monster count
 F = Vault count percentage of total count
                 A         B        C        D         E       F
            +---------+---------+-------+---------+---------+-------
      Total |     105 |       0 |   0.0 |      36 |       0 |   0.0
            +---------+---------+-------+---------+---------+-------
        D:1 |      83 |       0 |   0.0 |      31 |       0 |   0.0
        D:2 |      22 |       0 |   0.0 |       5 |       0 |   0.0
            +---------+---------+-------+---------+---------+-------
